 Dungeon Crawl Stone Soup version 0.20.0-10-g0535bb4 (webtiles) character file.

387 Lexie the Ruffian (level 6, -1/62 HPs)
             Began as a Troll Monk on June 5, 2017.
             Slain by a gnoll (7 damage)
             ... on level 4 of the Dungeon.
             The game lasted 00:03:44 (2409 turns).

Lexie the Ruffian (Troll Monk)                      Turns: 2409, Time: 00:03:44

Health: -1/62      AC:  5    Str: 22    XL:     6   Next: 49%
Magic:  5/5        EV: 10    Int:  6    God:
Gold:   113        SH:  0    Dex: 12    Spells: 5/5 levels left

rFire    . . .     SeeInvis .     - Unarmed
rCold    . . .     Gourm    +   (no shield)
rNeg     . . .     Faith    .   a - +0 robe
rPois    .         Spirit   .   (helmet restricted)
rElec    .         Reflect  .   (no cloak)
rCorr    .         Harm     .   (gloves unavailable)
MR       .....                  (boots unavailable)
Stlth    ++........             (no amulet)
Regen    0.6/turn               (no ring)
MPRegen  0.1/turn               (no ring)

@: flying
A: unfitting armour, claws 3, fast metabolism 3, gourmand, regeneration 1,
shaggy fur 1, tough skin 2
a: no special abilities


You were on level 4 of the Dungeon.
You were very full.

You visited 1 branch of the dungeon, and saw 4 of its levels.

You collected 113 gold pieces.

Inventory:

Armour
 a - a +0 robe (worn)
 o - a cursed +0 robe
Jewellery
 p - an uncursed ring of fire {unknown}
Wands
 j - a wand of lightning (9/15)
Scrolls
 h - 2 scrolls of remove curse {unknown}
 i - a scroll of fog {unknown}
 q - a scroll of immolation {unknown}
Potions
 c - a potion of flight
 e - a potion of curing {unknown}
 k - 2 potions of heal wounds
 l - a potion of degeneration {unknown}
 n - a potion of might {unknown}
 r - a potion of invisibility {unknown}
Comestibles
 b - 3 bread rations
 d - 8 chunks of flesh
 f - a meat ration
 g - a royal jelly
 m - 10 fruits


   Skills:
 + Level 3.9 Fighting
 - Level 2.4 Dodging
 - Level 1.0 Stealth
 * Level 6.3 Unarmed Combat


You had 5 spell levels left.
You didn't know any spells.

Dungeon Overview and Level Annotations

Branches:
Dungeon (4/15)
 Temple: D:4-7

Altars:


Innate Abilities, Weirdness & Mutations

You are too large for most types of armour.
You have claws for hands.
Your metabolism is lightning-fast.
You like to eat raw meat.
Your natural rate of healing is unusually fast.
You are covered in fur. (AC +1)
You have very tough skin. (AC +2)


Message History

You barely miss the gnoll.
The gnoll is severely wounded.
The gnoll hits you with a whip.
* * * LOW HITPOINT WARNING * * *
You barely miss the gnoll.
The gnoll is severely wounded.
The gnoll barely misses you.
You barely miss the gnoll.
The gnoll is severely wounded.
The gnoll hits you with a whip!
* * * LOW HITPOINT WARNING * * *
You claw the gnoll!
You kill the gnoll!
It was a potion of flight.
You feel very buoyant.
You fly up into the air.
You claw the gnoll!
The gnoll is severely wounded.
The gnoll hits you!
You die...

............>.....
########..........
###....#### #..##.#
#.###.## . #.# .(#
#.. #####.#
#.####....
#.....####.#.<...(.
#.......@g..)#
#.....####)###
........# #.†.g..?.
###....## ........#
......# ..###....#
..####.. ..# ..###
## ####.. ... ...
).. ... .!.


You could see a gnoll.

Vanquished Creatures
  A gnoll sergeant (D:4)
  An orc wizard (D:3)
  An orc priest (D:3)
  Ijyb (D:3)
  Natasha (twice) (D:3)
  A worker ant (D:4)
  2 gnolls (D:4)
  6 adders
  2 dart slugs (D:1)
  2 worms (D:2)
  3 leopard geckos
  4 orcs
  2 ball pythons (D:2)
  5 bats
  7 giant cockroaches
  7 goblins
  13 hobgoblins
  4 jackals
  2 quokkas
  3 frilled lizards
  6 kobolds
  6 rats
81 creatures vanquished.

Notes
Turn   | Place    | Note
-------+----------+-------------------------------------------
     0 | D:1      | Lexie the Troll Monk began the quest for the Orb.
     0 | D:1      | Reached XP level 1. HP: 22/22 MP: 0/0
   220 | D:1      | Reached XP level 2. HP: 29/29 MP: 1/1
   846 | D:2      | Reached skill level 4 in Unarmed Combat
   846 | D:2      | Reached XP level 3. HP: 36/36 MP: 2/2
  1282 | D:2      | Reached XP level 4. HP: 42/44 MP: 3/3
  1748 | D:3      | Noticed Ijyb
  1763 | D:3      | Killed Ijyb
  1763 | D:3      | Reached skill level 5 in Unarmed Combat
  1973 | D:3      | Noticed Natasha
  1984 | D:3      | Killed Natasha
  1984 | D:3      | Reached XP level 5. HP: 52/53 MP: 4/4
  2160 | D:3      | Noticed Natasha
  2174 | D:3      | Killed Natasha
  2267 | D:3      | Reached XP level 6. HP: 62/62 MP: 5/5
  2368 | D:4      | Reached skill level 6 in Unarmed Combat
  2409 | D:4      | Slain by a gnoll

Skill      XL: |  1  2  3  4  5  6 |
---------------+-------------------+-----
Unarmed Combat | 4 5 6 |  6.3
Fighting       | 3 |  3.9
Dodging        | |  2.4
Stealth        | |  1.0

Action                   |  1- 3 |  4- 6 || total
-------------------------+-------+-------++-------
Melee: Unarmed           |    87 |   147 ||   234
       Punch             |     1 |     5 ||     6
  Use: Potion            |       |     1 ||     1
 Stab: Sleeping          |     5 |     1 ||     6
  Eat: Chunk             |    17 |    10 ||    27
Armor: Robe              |    26 |    42 ||    68
Dodge: Dodged            |    32 |    80 ||   112
